 Dungeon Crawl Stone Soup version 0.29.1-2-gbd0b4ee654 (webtiles) character file.

Game seed: 15118258463078970143

63 McKennaii the Trooper (level 3, 0/34 HPs)
             Began as a Demigod Fighter on Nov 8, 2022.
             Slain by a goblin
             ... wielding a +0 club
             ... led by Robin
              (4 damage)
             ... on level 3 of the Dungeon.
             The game lasted 00:01:56 (2236 turns).

McKennaii the Trooper (Demigod Fighter)             Turns: 2236, Time: 00:01:56

Health: 0/34       AC:  9    Str: 20 (21) XL:     3   Next: 63%
Magic:  5/5        EV:  9    Int:  9 (10) God:
Gold:   115        SH:  4    Dex: 10 (13) Spells: 2/2 levels left

rFire   . . .      SeeInvis .   a - +0 trident
rCold   . . .      Faith    .   c - +0 buckler
rNeg    . . .      Spirit   .   b - +0 scale mail
rPois   .          Reflect  .   o - +0 helmet
rElec   .          Harm     .   (no cloak)
rCorr   .          Rampage  .   (no gloves)
Will    +....                   (no boots)
Stlth   ..........              (no amulet)
HPRegen 0.11/turn               m - ring of willpower
MPRegen 0.09/turn               (no ring)

@: mighty, attractive
A: high MP 1, forlorn, divine attributes, iridescent scales 1, robust 1,
MP-powered wands
a: no special abilities


You were on level 3 of the Dungeon.
You visited 1 branch of the dungeon, and saw 3 of its levels.

You collected 115 gold pieces.

Inventory:

Hand Weapons
 a - a +0 trident (weapon)
Armour
 b - a +0 scale mail (worn)
 c - a +0 buckler (worn)
 o - a +0 helmet (worn)
Jewellery
 m - a ring of willpower (left hand)
Scrolls
 i - a scroll of summoning {unknown}
 k - a scroll of immolation {unknown}
 l - a scroll of fear {unknown}
 n - a scroll of teleportation {unknown}
 p - a scroll of blinking {unknown}
Potions
 e - a potion of magic


   Skills:
 + Level 3.2 Fighting
 + Level 2.4 Polearms
 + Level 3.1 Armour
 + Level 3.2 Shields


You had 2 spell levels left.
You didn't know any spells.
Your spell library contained the following spells:

 Spells                   Type           Power      Damage    Failure   Level
 Summon Small Mammal      Summ           0%         N/A       83%         1
 Call Canine Familiar     Summ           0%         N/A       99%         3
 Summon Guardian Golem    Hex/Summ       0%         N/A       99%         3
 Corpse Rot               Necr/Pois/Air  0%         N/A       100%        4
 Dispel Undead            Necr           0%         3d6       100%        4
 Death Channel            Necr           0%         N/A       100%        6


Dungeon Overview and Level Annotations

Branches:
Dungeon (3/15)

Annotations:
D:3 Robin


Innate Abilities, Weirdness & Mutations

You have an increased reservoir of magic. (+10% MP)
You shall have no god before yourself.
Your divine heritage dramatically boosts your attributes as you level up.
You are partially covered in iridescent scales. (AC +2)
You are robust. (+10% HP)
You expend magic power (3 MP) to strengthen your wands.


Message History

Robin says, "A pitiful Demigod like you will never find the ORB!"
You hit the goblin.
You kill the goblin!
You block the goblin's attack.
You barely miss the goblin.
Robin roars a battlecry!
The goblins go into a battle-frenzy!
You block the goblin's attack. The goblin hits you with a +0 club.
Robin throws the goblin at you! The goblin hits you with a +0 club.
* * * LOW HITPOINT WARNING * * *
Things that are here:
a +0 dagger; a +0 sling; a goblin corpse You miss the goblin.
The goblin hits you but does no damage.
It was a potion of magic.
Magic courses through your body. The goblin hits you with a +0 club.
* * * LOW HITPOINT WARNING * * *
The hobgoblin hits you but does no damage.
It was a potion of degeneration.
There was something very wrong with that liquid.
You feel weakened.
You feel dopey.
You feel clumsy. The goblin hits you but does no damage.
The hobgoblin barely misses you.
It was a potion of cancellation.
You feel magically purged. The goblin hits you but does no damage.
The hobgoblin barely misses you.
It was a potion of mutation.
You feel extremely strange.
You feel your magical essence link to the dungeon's wands.
Iridescent scales grow over part of your body.
You feel robust. The goblin hits you but does no damage.
The hobgoblin hits you but does no damage.
It was a potion of attraction.
You feel attractive to monsters. The hobgoblin barely misses you.
The goblin barely misses you.
You closely miss the goblin. The hobgoblin hits you.
* * * LOW HITPOINT WARNING * * *
The goblin hits you but does no damage.
Unknown command.
Your magic is already full.
You feel very mighty all of a sudden. The goblin hits you with a +0 club.
You die...

.# #.###.#.# .# #.# #.#.#
.# #.# #.#.# .# #.# #.#.#
.#######.# #.#.#
.........# #.#.#####
########## #.#.#...#
.....#######.#.#g#.#
.....+..>....#.#@#.#
.....###.#####.#g#.#
.....###.......#g#.#
..g.gg)...#......#.#
.....###..#.##.#.#.#
.....# #.g#.#......#######
.....# #..#.#..#.........#
########..#...g########.##
#..g#.#g......# #.#


You could see Robin, a hobgoblin (strong) and a goblin (strong).

Vanquished Creatures
  An adder (D:2)
  A worm (D:2)
  2 ball pythons (D:1)
  2 bats (D:2)
  3 endoplasms
  3 giant cockroaches (D:1)
  12 goblins
  2 hobgoblins
  6 jackals
  A quokka (D:1)
  A frilled lizard (D:2)
  4 kobolds (D:1)
  6 rats
44 creatures vanquished.

Notes
Turn   | Place    | Note
-------+----------+-------------------------------------------
     0 | D:1      | McKennaii the Demigod Fighter began the quest for the Orb.
     0 | D:1      | Reached XP level 1. HP: 18/18 MP: 3/3
   278 | D:1      | Reached XP level 2. HP: 25/25 MP: 4/4
  1138 | D:2      | Reached XP level 3. HP: 27/31 MP: 5/5
  2173 | D:3      | Noticed Robin
  2233 | D:3      | Gained mutation: You expend magic power (3 MP) to
                  | strengthen your wands. [potion of mutation]
  2233 | D:3      | Gained mutation: You are partially covered in iridescent
                  | scales. (AC +2) [potion of mutation]
  2233 | D:3      | Gained mutation: You are robust. (+10% HP) [potion of
                  | mutation]
  2236 | D:3      | Slain by a goblin

Illustrated notes

Levels and vault maps discovered:
D:1:      heliophobic_arrival_henge, layout_basic,
          chequers_ecumenical_altar_island
D:2:      layout_loops_cross, minmay_misc_feat_diagonals, corner_web_ring
D:3:      layout_basic, serial_glass, glass_columns_b, glass_columns_b,
          columned_hall_lemuel, nicolae_concentric_dashed_squares_mild,
          uniq_robin

Skill      XL: |  1  2 |
---------------+-------+-----
Polearms       | 2 |  2.4
Fighting       | 3 |  3.2
Shields        | 3 |  3.2
Armour         | 3 |  3.1

Action                   || total
-------------------------++-------
Melee: Trident           ||   137
  Use: Potion            ||     6
Armor: Scale mail        ||    63
Dodge: Dodged            ||    61
Block: Buckler           ||    32
